 Dungeon Crawl Stone Soup version 0.30-a0-881-g1ff12e1e11 (webtiles) character file.

Game seed: 3603091774939831706

469 CowFu the Thaumaturge (level 7, -2/60 HPs)
             Began as a Gnoll Wanderer on Mar 14, 2023.
             Was a Follower of Okawaru.
             Slain by Duvessa
             ... wielding a +0 short sword
              (13 damage)
             ... on level 4 of the Dungeon.
             The game lasted 00:13:01 (4806 turns).

CowFu the Thaumaturge (Gnoll Wanderer)              Turns: 4806, Time: 00:13:01

Health: -2/60      AC:  3    Str:  9    XL:     7   Next: 9%
Magic:  15/20      EV: 12    Int: 15    God:    Okawaru [*.....]
Gold:   180        SH:  0    Dex: 12    Spells: 21/25 levels left

rFire   . . .      SeeInvis .    w - +1 quarterstaff (protect)
rCold   . . .      Faith    .    (shield currently unavailable)
rNeg    . . .      Spirit   .    d - +0 robe
rPois   .          Reflect  .    (no helmet)
rElec   .          Rampage  .    p - +0 cloak
rCorr   .                        (no gloves)
Will    .....                    (no boots)
Stlth   ++                       o - amulet of regeneration
HPRegen 1.10/turn                s - ring of flight
MPRegen 0.17/turn                (no ring)

@: flying
A: fangs 1, strong nose, distributed training
a: Renounce Religion, Heroism


You were on level 4 of the Dungeon.
You worshipped Okawaru.
Okawaru was aware of your devotion.
You visited 1 branch of the dungeon, and saw 4 of its levels.
You also visited: Sewer.

You collected 180 gold pieces.

Inventory:

Hand Weapons
 a - a +0 dagger
 g - a +0 flail of holy wrath
 w - a +1 quarterstaff of protection (weapon)
Armour
 d - a +0 robe (worn)
 p - a +0 cloak (worn)
 x - the +5 chain mail "Virr" {rC+ Str+3}
   (You found it on level 4 of the Dungeon)

   Str:       It affects your strength (+3).
   rC:        It protects you from cold.
Jewellery
 o - an amulet of regeneration (around neck)
 s - a ring of flight (left hand)
Wands
 f - a wand of iceblast (8)
Scrolls
 e - 4 scrolls of teleportation
 k - 2 scrolls of immolation
 q - a scroll of magic mapping
 t - a scroll of fog
Potions
 b - a potion of attraction
 c - 3 potions of curing
 h - 2 potions of flight
 i - a potion of berserk rage
 j - 2 potions of brilliance {unknown}
 l - 2 potions of haste {unknown}
 m - 4 potions of might
 n - a potion of degeneration {unknown}
 r - a potion of mutation {unknown}
 u - 2 potions of resistance
 v - 2 potions of heal wounds {unknown}


   Skills:
 + Level 7.0 Fighting
 + Level 2.3 Short Blades
 + Level 2.3 Long Blades
 + Level 2.3 Axes
 + Level 2.3 Maces & Flails
 + Level 2.3 Polearms
 + Level 2.3 Staves
 + Level 2.3 Ranged Weapons
 + Level 2.3 Throwing
 + Level 2.3 Armour
 + Level 2.3 Dodging
 + Level 2.3 Stealth
 + Level 2.3 Shields
 + Level 5.2 Unarmed Combat
 + Level 9.6 Spellcasting
 + Level 1.9 Conjurations
 + Level 1.9 Hexes
 + Level 1.9 Summonings
 + Level 1.9 Necromancy
 + Level 1.9 Translocations
 + Level 1.9 Transmutations
 + Level 1.9 Fire Magic
 + Level 1.9 Ice Magic
 + Level 1.9 Air Magic
 + Level 1.9 Earth Magic
 + Level 1.9 Poison Magic
 + Level 2.6 Invocations
 + Level 2.3 Evocations


You had 21 spell levels left.
You knew the following spells:

 Your Spells              Type           Power      Damage    Failure   Level
a - Foxfire               Conj/Fire      52%        2x1d6     4%          1
b - Freeze                Ice            52%        1d6       4%          1
c - Static Discharge      Conj/Air       26%        2-4/arc   7%          2

Your spell library contained the following spells:

 Spells                   Type           Power      Damage    Failure   Level
 Slow                     Hex            52%        N/A       4%          1
 Blink                    Tloc           26%        N/A       7%          2
 Manifold Assault         Tloc           13%        N/A       41%         4
 Storm Form               Tmut/Air       6%         N/A       100%        7


Dungeon Overview and Level Annotations

Branches:
Dungeon (4/15)              Sewer (visited)
 Temple: D:4-7

Altars:
Okawaru
Vehumet

Annotations:
D:4 Duvessa


Innate Abilities, Weirdness & Mutations

You have very sharp teeth.
Your uncanny sense of smell can sniff out nearby items.
Your experience applies equally to all skills.


Message History

You conjure some foxfire!
Duvessa hits you with a +0 short sword! x2
Casting: Foxfire (safe; 4% risk of failure)
Confirm with . or Enter, or press ? or * to list all spells.
Aiming: Freeze (safe; 4% risk of failure)
Press: ? - help, Shift-Dir - straight line, f - Duvessa
Aim: Duvessa, wielding a +0 short sword and wearing a +0 leather armour (berserk, ally target)
You freeze Duvessa.
Duvessa is lightly wounded.
The foxfire hits Duvessa but does no damage.
Duvessa is lightly wounded.
The foxfire hits Duvessa but does no damage.
Duvessa is lightly wounded.
Duvessa barely misses you.
Casting: Freeze (safe; 4% risk of failure)
Confirm with . or Enter, or press ? or * to list all spells.
Aiming: Freeze (safe; 4% risk of failure)
Press: ? - help, Shift-Dir - straight line, f/p - Duvessa
Aim: Duvessa, wielding a +0 short sword and wearing a +0 leather armour (lightly wounded, berserk)
You freeze Duvessa.
Duvessa is lightly wounded.
Duvessa closely misses you. Duvessa hits you with a +0 short sword!
Casting: Freeze (safe; 4% risk of failure)
Confirm with . or Enter, or press ? or * to list all spells.
Aiming: Freeze (safe; 4% risk of failure)
Press: ? - help, Shift-Dir - straight line, f/p - Duvessa
Aim: Duvessa, wielding a +0 short sword and wearing a +0 leather armour (lightly wounded, berserk)
You freeze Duvessa.
Duvessa is moderately wounded.
Duvessa hits you with a +0 short sword.
Casting: Freeze (safe; 4% risk of failure)
Confirm with . or Enter, or press ? or * to list all spells.
Aiming: Freeze (safe; 4% risk of failure)
Press: ? - help, Shift-Dir - straight line, f/p - Duvessa
Aim: Duvessa, wielding a +0 short sword and wearing a +0 leather armour (moderately wounded, berserk)
You freeze Duvessa.
Duvessa is moderately wounded.
Duvessa hits you with a +0 short sword!
* * * LOW HITPOINT WARNING * * *
Duvessa hits you with a +0 short sword!
You die...

*...# *...*
*,!.###..,*
*,...#..,,*
*,.....,>,*
**#...,,,,*
#..*,,,,*
#####.#*,#***
******
#....e##.#
,,,,,*
##...@...###*
,,,,,*
####.#.....#
,,,,,*
#.####..#*
,,,,,* #.#
#...#########
**,*** #.#
#....##......
*,* #.##
**#..<..#####
*,*** #..##
*#....##
*,,,* ##..#
##..#..##
***,* ##.#
#<..##..###


You could see Duvessa (berserk).

Vanquished Creatures
  Blork the orc (D:4)
  Dowan (D:4)
  2 hounds (D:4)
  Jessica (D:2)
  4 gnolls (D:3)
  7 adders
  4 river rats (Sewer)
  9 dart slugs
  2 worms
  12 orcs (D:3)
  4 bats
  3 endoplasms
  2 giant cockroaches (D:1)
  10 goblins
  6 hobgoblins
  7 jackals
  3 quokkas
  6 ball pythons
  11 frilled lizards
  7 kobolds
  12 rats
114 creatures vanquished.

Vanquished Creatures (others)
  452 foxfires
452 creatures vanquished.

Grand Total: 566 creatures vanquished

Notes
Turn   | Place    | Note
-------+----------+-------------------------------------------
     0 | D:1      | Reached skill level 9 in Spellcasting
     0 | D:1      | CowFu the Gnoll Wanderer began the quest for the Orb.
     0 | D:1      | CowFu set off with the following items: a +0 dagger, a
                  | potion of attraction, a potion of curing, a +0 robe, a
                  | scroll of teleportation; and the following spells available
                  | to memorise: Foxfire, Freeze, Slow, Static Discharge.
     0 | D:1      | Reached XP level 1. HP: 23/23 MP: 10/10
     3 | D:1      | Learned a level 1 spell: Foxfire
   206 | D:1      | Reached XP level 2. HP: 29/29 MP: 9/12
  1116 | D:1      | Learned a level 1 spell: Freeze
  1119 | D:1      | Learned a level 2 spell: Static Discharge
  1225 | D:2      | Reached XP level 3. HP: 18/35 MP: 8/13
  1401 | D:2      | Reached skill level 1 in Invocations
  1464 | D:2      | Reached skill level 1 in Short Blades
  1464 | D:2      | Reached skill level 1 in Long Blades
  1464 | D:2      | Reached skill level 1 in Axes
  1464 | D:2      | Reached skill level 1 in Maces & Flails
  1464 | D:2      | Reached skill level 1 in Polearms
  1464 | D:2      | Reached skill level 1 in Staves
  1464 | D:2      | Reached skill level 1 in Ranged Weapons
  1464 | D:2      | Reached skill level 1 in Throwing
  1464 | D:2      | Reached skill level 1 in Armour
  1464 | D:2      | Reached skill level 1 in Dodging
  1464 | D:2      | Reached skill level 1 in Stealth
  1464 | D:2      | Reached skill level 1 in Shields
  1464 | D:2      | Reached skill level 1 in Evocations
  1518 | D:2      | Noticed Jessica
  1526 | D:2      | Killed Jessica
  1527 | D:2      | Reached XP level 4. HP: 41/41 MP: 6/15
  1527 | D:2      | Found a faded altar of an unknown god.
  1747 | D:2      | Reached skill level 1 in Conjurations
  1747 | D:2      | Reached skill level 1 in Hexes
  1747 | D:2      | Reached skill level 1 in Summonings
  1747 | D:2      | Reached skill level 1 in Necromancy
  1747 | D:2      | Reached skill level 1 in Translocations
  1747 | D:2      | Reached skill level 1 in Transmutations
  1747 | D:2      | Reached skill level 1 in Fire Magic
  1747 | D:2      | Reached skill level 1 in Ice Magic
  1747 | D:2      | Reached skill level 1 in Air Magic
  1747 | D:2      | Reached skill level 1 in Earth Magic
  1747 | D:2      | Reached skill level 1 in Poison Magic
  2466 | D:3      | Reached XP level 5. HP: 47/47 MP: 13/16
  2549 | D:3      | Found an iron altar of Okawaru.
  2564 | D:3      | Became a worshipper of Warmaster Okawaru
  3135 | D:3      | Found a radiant altar of Vehumet.
  3835 | D:4      | Found a glowing drain.
  3847 | Sewer    | Entered a sewer
  4014 | Sewer    | Reached XP level 6. HP: 51/53 MP: 10/18
  4135 | Sewer    | Reached skill level 5 in Unarmed Combat
  4353 | D:4      | Noticed Blork the orc
  4362 | D:4      | Killed Blork the orc
  4586 | D:4      | Identified the +5 chain mail "Virr" {rC+ Str+3}
  4629 | D:4      | Reached * piety under Okawaru
  4720 | D:4      | Noticed Dowan
  4747 | D:4      | Killed Dowan
  4748 | D:4      | Reached XP level 7. HP: 57/60 MP: 13/20
  4799 | D:4      | Noticed Duvessa
  4806 | D:4      | Slain by Duvessa

Illustrated notes

Levels and vault maps discovered:
D:1:      eino_arrival_cavern_e, layout_basic, st_stairs_13
D:2:      layout_loops_cross, hellmonk_ecumenical_altar_blasted, uniq_jessica
D:3:      layout_basic, okawaru_altar_gauntlet_db, marbit_many_paths,
          minmay_vboxes
D:4:      layout_rooms, portal_sewer_entry_b, dreamdust_wishing_well,
          uniq_duvessa, uniq_blork_the_orc

Skill      XL: |  1  2  3  4  5  6 |
---------------+-------------------+-----
Spellcasting   | |  9.6
Invocations    | 1 2 |  2.6
Short Blades   | 1 2 |  2.3
Long Blades    | 1 2 |  2.3
Axes           | 1 2 |  2.3
Maces & Flails | 1 2 |  2.3
Polearms       | 1 2 |  2.3
Staves         | 1 2 |  2.3
Ranged Weapons | 1 2 |  2.3
Throwing       | 1 2 |  2.3
Armour         | 1 2 |  2.3
Dodging        | 1 2 |  2.3
Stealth        | 1 2 |  2.3
Shields        | 1 2 |  2.3
Evocations     | 1 2 |  2.3
Conjurations   | 1 |  1.9
Hexes          | 1 |  1.9
Summonings     | 1 |  1.9
Necromancy     | 1 |  1.9
Translocations | 1 |  1.9
Transmutations | 1 |  1.9
Fire Magic     | 1 |  1.9
Ice Magic      | 1 |  1.9
Air Magic      | 1 |  1.9
Earth Magic    | 1 |  1.9
Poison Magic   | 1 |  1.9
Unarmed Combat | 5 |  5.2
Fighting       | 7 |  7.0

Action                     |  1- 3 |  4- 6 |  7- 9 || total
---------------------------+-------+-------+-------++-------
  Melee: Unarmed           |    15 |     8 |       ||    23
         Punch             |       |     1 |       ||     1
         Quarterstaff      |       |     2 |       ||     2
   Cast: Foxfire           |    66 |   218 |     1 ||   285
         Freeze            |     7 |    35 |     4 ||    46
         Static Discharge  |       |     6 |       ||     6
    Use: Scroll            |       |     9 |       ||     9
   Stab: Sleeping          |     2 |       |       ||     2
 Armour: Robe              |    14 |    30 |       ||    44
  Dodge: Dodged            |    20 |    90 |     2 ||   112

Table legend: (Time is in decaauts)
 A = Elapsed time spent in this place.
 B = Non-inter-level travel time spent in this place.
 C = Inter-level travel time spent in this place.
 D = Time resting spent in this place.
 E = Time spent auto-exploring this place.
 F = Levels seen in this place.
 G = Mean time per level.
                   A        B        C        D        E       F      G
               +--------+--------+--------+--------+--------+-----+--------+
         Total |   4843 |   4765 |     78 |      0 |   3551 |   5 |  968.6 |
       Dungeon |   4356 |   4278 |     78 |      0 |   3292 |   4 | 1089.0 |
         Sewer |    487 |    487 |      0 |      0 |    259 |   1 |  487.0 |
               +--------+--------+--------+--------+--------+-----+--------+

Top non-repeatable levels by time:
     D:3: 1537 daAuts
     D:1: 1151 daAuts
     D:2: 1072 daAuts
     D:4: 595 daAuts
   Sewer: 487 daAuts
